 Dungeon Crawl Stone Soup version 0.30-a0-989-g0d87f670db (webtiles) character file.

Game seed: 16687674883039349759

683 jtron the Magician (level 7, -12/43 HPs)
             Began as a Demonspawn Wanderer on Apr 3, 2023.
             Was a Follower of Hepliaklqana.
             Mangled by Edmund
             ... wielding a +6 flail of holy wrath
              (21 damage)
             ... on level 5 of the Dungeon.
             The game lasted 00:16:37 (4683 turns).

jtron the Magician (Demonspawn Wanderer)            Turns: 4683, Time: 00:16:38

Health: -12/43     AC:  5    Str: 10    XL:     7   Next: 35%
Magic:  13/13      EV: 12    Int: 20    God:    Hepliaklqana [*.....]
Gold:   264        SH:  0    Dex: 14    Spells: 7/14 levels left

rFire   . . .      SeeInvis .    a - +2 dagger (venom)
rCold   + . .      Faith    .    (no shield)
rNeg    + . .      Spirit   .    c - +0 robe
rPois   .          Reflect  .    (no helmet)
rElec   .          Rampage  .    (no cloak)
rCorr   .                        d - +2 pair of gloves
Will    .....                    (no boots)
Stlth   ++                       y - amulet of the acrobat
HPRegen 0.27/turn                i - +6 ring of intelligence
MPRegen 0.13/turn                e - ring "Rimeudo" {Wiz rC+ rN+ Str-2}

@: no status effects
A: reduced essence, demonic guardian 1, foul stench 1, weakness stinger 1
a: Renounce Religion, Recall Ancestor, Ancestor Identity


You were on level 5 of the Dungeon.
You worshipped Hepliaklqana.
Hepliaklqana was aware of your devotion.
You visited 1 branch of the dungeon, and saw 5 of its levels.

You collected 264 gold pieces.

Inventory:

Hand Weapons
 a - a +2 dagger of venom (weapon)
 h - a +0 dagger
 j - a +3 falchion of flaming
 w - a +1 short sword
 x - a +0 vampiric short sword
Missiles
 g - 38 stones (quivered)
 l - 4 poisoned darts
 o - 3 boomerangs
Armour
 c - a +0 robe (worn)
 d - a +2 pair of gloves (worn)
Magical Staves
 q - a staff of fire
Jewellery
 e - the ring "Rimeudo" (right hand) {Wiz rC+ rN+ Str-2}
   (You found it on level 2 of the Dungeon)

   [ring of wizardry]

   It improves your spell success rate.
   Str:       It affects your strength (-2).
   rC:        It protects you from cold.
   rN:        It protects you from negative energy.
 f - a ring of positive energy
 i - a +6 ring of intelligence (left hand)
 p - a ring of wizardry
 y - an amulet of the acrobat (around neck)
Wands
 r - a wand of iceblast (8)
Scrolls
 b - 2 scrolls of fear
 k - a scroll of teleportation
 m - a scroll of immolation
Potions
 n - 2 potions of resistance
 v - a potion of heal wounds


   Skills:
 + Level 1.3 Fighting
 + Level 2.2 Short Blades
 + Level 1.1 Throwing
 + Level 2.1 Dodging
 + Level 2.2 Stealth
 * Level 4.3 Spellcasting
 * Level 2.7 Conjurations
 + Level 3.0 Translocations
 + Level 3.3 Ice Magic
 + Level 1.2 Invocations


You had 7 spell levels left.
You knew the following spells:

 Your Spells              Type           Power      Damage    Failure   Level
a - Freeze                Ice            68%        1d8       1%          1
b - Hailstorm             Conj/Ice       16%        3d6       4%          3
c - Ozocubu's Armour      Ice            17%        N/A       4%          3

Your spell library contained the following spells:

 Spells                   Type           Power      Damage    Failure   Level
 Apportation              Tloc           32%        N/A       1%          1
 Lesser Beckoning         Tloc           32%        N/A       2%          2
 Frozen Ramparts          Ice            34%        1d6       4%          3
 Passage of Golubria      Tloc           16%        N/A       14%         4
 Ozocubu's Refrigeration  Ice            8%         4d9       100%        7


Dungeon Overview and Level Annotations

Branches:
Dungeon (5/15)             Temple (0/1) D:4

Altars:
Fedhas
Hepliaklqana
Kikubaaqudgha
Qazlal
Wu Jian

Shops:
D:1 (

Annotations:
D:5 Edmund


Innate Abilities, Weirdness & Mutations

Your life essence is reduced to manifest your ancestor. (-10% HP)
A weak demonic guardian rushes to your aid.
You may rarely emit foul miasma when damaged in melee.
You have a small tail.


Message History

The sleepcap closely misses you.
Teicuih hits the sleepcap.
You hit the sleepcap but do no damage.
The sleepcap is severely damaged.
The sleepcap releases spores at you.
You are engulfed in a cloud of soporific spores!
You fall asleep.
Teicuih hits the sleepcap.
The sleepcap releases spores at you.
You wake up.
Teicuih hits the sleepcap but does no damage.
You completely miss the sleepcap.
The sleepcap is almost destroyed.
The sleepcap closely misses you.
Teicuih hits the sleepcap.
The sleepcap is destroyed!
A hound comes into view.
A hound is nearby!
Edmund the Younger comes into view.
He is wielding a +6 flail of holy wrath.
You hit Edmund but do no damage. You tail-slap Edmund.
Edmund is lightly wounded.
The hound barks!
Edmund hits you with a +6 flail of holy wrath.
A demonic guardian appears!
You convulse!
You emit a cloud of foul miasma!
You hit Edmund.
Edmund is poisoned.
Edmund is lightly wounded.
Edmund is engulfed in dark miasma.
Edmund looks even sicker.
Edmund closely misses you.
You closely miss Edmund.
Edmund is moderately wounded.
The hound completely misses you. Edmund attacks as you move away!
Edmund hits you with a +6 flail of holy wrath.
You convulse.
Found 16 gold pieces.
Edmund is engulfed in dark miasma.
Edmund looks as sick as possible!
The hound closely misses you.
You see here 3 poisoned darts.
You hit Edmund but do no damage.
Edmund looks as sick as possible!
Edmund is moderately wounded.
The hound misses you.
Edmund hits you with a +6 flail of holy wrath!
* * * LOW HITPOINT WARNING * * *
You convulse!!
You die...

...##.(.#
..###...# #.#
.## ...## #.#
.# .#..# ###
#.# ###.#..#
#.. ...
###<#..# #.#
#.# # .......#
#.# #.# .##
###.##.# #.#
#.#...#.#
#.##.#
#.#####@......#
#.##.#
#....5Rh@......
###.##.#
#.#####☼......#
.......###.#
#.......#
...........#
###...#.#
##########.#
#.## . #.# .#
#.. $# ####


You could see the friendly Teicuih the ancestor, Edmund (extremely poisoned,
ally target), a hound (ally target) and a friendly shadow imp (summoned).

Vanquished Creatures
  Eustachio (D:5)
  An ogre (D:5)
  A scorpion (D:3)
  A hound (D:5)
  A sleepcap (D:5)
  An iguana (D:5)
  2 orc wizards
  A gnoll (D:2)
  2 adders
  An ufetubus (D:3)
  2 worms
  7 dart slugs
  14 orcs
  6 endoplasms
  A giant cockroach (D:4)
  5 goblins
  6 hobgoblins
  6 jackals
  3 quokkas (D:1)
  12 ball pythons
  6 bats
  4 frilled lizards
  7 kobolds
  4 rats (D:1)
95 creatures vanquished.

Vanquished Creatures (collateral kills)
  A black bear (D:5)
  A sleepcap (D:5)
2 creatures vanquished.

Grand Total: 97 creatures vanquished

Notes
Turn   | Place    | Note
-------+----------+-------------------------------------------
     0 | D:1      | jtron the Demonspawn Wanderer began the quest for the Orb.
     0 | D:1      | jtron set off with the following items: a +0 dagger, a
                  | scroll of fear, a +0 robe, a +0 pair of gloves; and the
                  | following spells available to memorise: Apportation,
                  | Freeze, Lesser Beckoning, Frozen Ramparts, Passage of
                  | Golubria.
     0 | D:1      | Reached XP level 1. HP: 13/13 MP: 2/2
     2 | D:1      | Learned a level 1 spell: Freeze
   114 | D:1      | Gained mutation: You have a small tail. [demonic ancestry]
   114 | D:1      | Reached XP level 2. HP: 19/19 MP: 1/3
   400 | D:1      | Found Dumofux's Weapon Shop.
   681 | D:1      | Gained mutation: You may rarely emit foul miasma when
                  | damaged in melee. [demonic ancestry]
   681 | D:1      | Reached XP level 3. HP: 20/24 MP: 2/5
   723 | D:1      | Learned a level 3 spell: Hailstorm
  1353 | D:2      | Reached skill level 2 in Spellcasting
  1672 | D:2      | Identified the ring "Rimeudo" {Wiz rC+ rN+ Str-2}
  2247 | D:3      | Reached XP level 4. HP: 30/30 MP: 1/7
  2260 | D:3      | Learned a level 3 spell: Ozocubu's Armour
  2849 | D:3      | Noticed a scorpion
  2854 | D:3      | Killed a scorpion
  2855 | D:3      | Reached skill level 1 in Conjurations
  2855 | D:3      | Reached XP level 5. HP: 36/36 MP: 2/9
  2990 | D:3      | Found a faded altar of an unknown god.
  2993 | D:3      | Found a blossoming altar of Fedhas.
  3123 | D:4      | Found a hazy altar of Hepliaklqana.
  3132 | D:4      | Became a worshipper of Hepliaklqana the Forgotten
  3249 | D:4      | Found an ornate altar of the Wu Jian Council.
  3252 | D:4      | Reached skill level 3 in Spellcasting
  3350 | D:4      | Reached skill level 1 in Short Blades
  3477 | D:4      | Found a staircase to the Ecumenical Temple.
  4023 | D:5      | Entered Level 5 of the Dungeon
  4045 | D:5      | Noticed Eustachio
  4068 | D:5      | Killed Eustachio
  4069 | D:5      | Reached skill level 1 in Fighting
  4069 | D:5      | Reached XP level 6. HP: 35/43 MP: 8/11
  4211 | D:5      | Reached skill level 4 in Spellcasting
  4221 | D:5      | Gained mutation: A weak demonic guardian rushes to your
                  | aid. [demonic ancestry]
  4221 | D:5      | Reached XP level 7. HP: 19/48 MP: 9/13
  4364 | D:5      | Reached skill level 1 in Throwing
  4442 | D:5      | Reached * piety under Hepliaklqana
  4468 | D:5      | Found a stormy altar of Qazlal.
  4522 | D:5      | Found an ancient bone altar of Kikubaaqudgha.
  4678 | D:5      | Noticed Edmund
  4683 | D:5      | Mangled by Edmund

Illustrated notes

Levels and vault maps discovered:
D:1:      psy_arrival_terrarium, layout_basic, serial_shops,
          nicolae_shop_bloodbath_and_beyond
D:2:      layout_basic, serial_corexii_hall, chequers_hall_statues_corner_a,
          corexii_hall_statues_l
D:3:      layout_rooms, nicolae_overflow_ecumenical_swirl, minmay_quantized
D:4:      layout_cave_pods, mainiacjoe_overflow_large_starburst,
          minmay_temple_entry_statues_pillars, serial_glass, glass_columns_c,
          glass_columns_a, feat_on_display, feat_on_display
D:5:      layout_loops_ring, mainiacjoe_overflow_catch_the_wave,
          ebering_ghost_disaster_area, kennysheep_doodads, uniq_blork_the_orc,
          uniq_eustachio, uniq_edmund

Skill      XL: |  1  2  3  4  5  6  7 |
---------------+----------------------+-----
Ice Magic      | 2 3 |  3.3
Translocations | 3 |  3.0
Spellcasting   | 2 3 4 |  4.3
Stealth        | 2 |  2.2
Conjurations   | 1 2 |  2.7
Short Blades   | 1 2 |  2.2
Fighting       | 1 |  1.3
Throwing       | 1 |  1.1
Dodging        | 2 |  2.1
Invocations    | |  1.2

Action                     |  1- 3 |  4- 6 |  7- 9 || total
---------------------------+-------+-------+-------++-------
  Melee: Dagger            |    42 |    53 |    35 ||   130
         Short sword       |    60 |    46 |       ||   106
         Tailslap          |     9 |     9 |     4 ||    22
         Punch             |       |       |     1 ||     1
  Throw: Stone             |     4 |     2 |       ||     6
         Dart              |       |     7 |       ||     7
         Boomerang         |       |     2 |       ||     2
   Cast: Freeze            |    50 |    30 |     4 ||    84
         Ozocubu's Armour  |       |     6 |     1 ||     7
  Evoke: Wand              |       |     1 |       ||     1
    Use: Scroll            |     6 |     5 |     2 ||    13
         Potion            |     1 |     4 |       ||     5
   Stab: Sleeping          |     4 |     2 |       ||     6
 Armour: Robe              |    37 |    48 |    11 ||    96
         Skin              |     2 |    53 |       ||    55
  Dodge: Dodged            |    76 |    85 |    22 ||   183

Table legend: (Time is in decaauts)
 A = Elapsed time spent in this place.
 B = Non-inter-level travel time spent in this place.
 C = Inter-level travel time spent in this place.
 D = Time resting spent in this place.
 E = Time spent auto-exploring this place.
 F = Levels seen in this place.
 G = Mean time per level.
                   A        B        C        D        E       F      G
               +--------+--------+--------+--------+--------+-----+--------+
         Total |   4672 |   4551 |    121 |    490 |   3018 |   5 |  934.4 |
       Dungeon |   4672 |   4551 |    121 |    490 |   3018 |   5 |  934.4 |
               +--------+--------+--------+--------+--------+-----+--------+

Top non-repeatable levels by time:
     D:1: 1165 daAuts
     D:2: 1067 daAuts
     D:4: 971 daAuts
     D:3: 815 daAuts
     D:5: 652 daAuts
